[Event "1st Sakatam Open 2024"]
[Site "Guwahati"]
[Date "2024.03.27"]
[Round "9.5"]
[White "Srijon Saha"]
[Black "Arpan Das"]
[Result "1-0"]
[ECO "A28"]
[WhiteElo "1812"]
[BlackElo "2374"]
[Annotator "RC"]
[PlyCount "124"]
[EventDate "2024.03.24"]
[EventType "swiss"]
[EventCountry "IND"]
[SourceTitle "playchess.com"]
[Source "ChessBase"]
[SourceQuality "1"]
[TimeControl "5400+30"]

1. c4 e5 2. Nc3 Nf6 3. Nf3 Nc6 4. e4 Bb4 5. d3 d6 6. a3 Bc5 7. b4 Bb6 8. Na4 Bd4 9. Nxd4 exd4 10. Bb2 a6 11. b5 axb5 12. cxb5 Na5 13. Bxd4 Be6 14. Rb1 Nb3 15. Rxb3 Rxa4 16. Rb4 Rxa3 17. Be2 O-O 18. O-O c5 19. bxc6 bxc6 20. Rb2 c5 21. Be3 Qa5 22. Bd2 Qa7 23. Bg5 Ra8 24. Bxf6 gxf6 25. h3 Qa5 26. Qd2 Qa4 27. Qf4 Qd4 28. Rb6 Qe5 29. Qxe5 dxe5 30. Rc1 Ra2 31. Bg4 Bxg4 32. hxg4 Kg7 33. Rbb1 R8a5 34. Rb3 Rd2 35. Rbc3 Raa2 36. Rf1 Kg6 37. Rxc5 Rxd3 38. Rcc1 Rdd2 39. Rcd1 Re2 40. Rde1 Kg5 41. Rxe2 Rxe2 42. f3 Kf4 43. Kh2 Ke3 44. Kg3 Ra2 45. Rh1 Ra7 46. Rxh7 Re7 47. Rh8 Ke2 48. Ra8 Ke3 49. Ra2 Re6 50. Ra7 Rb6 51. Rxf7 Ke2 52. Rg7 Kf1 53. Rg6 Kg1 54. g5 Rb2 55. Kg4 fxg5 56. Rxg5 Kxg2 57. Rxe5 Kf2 58. Ra5 Ke3 59. Ra3+ Kd4 60. Ra4+ Ke3 61. e5 Rg2+ 62. Kf5 Kxf3 1-0

[Event "1st Sakatam Open 2024"]
[Site "Guwahati"]
[Date "2024.03.27"]
[Round "9.6"]
[White "Amlan Mahanta"]
[Black "Tanmay Rajbongshi"]
[Result "0-1"]
[ECO "D00"]
[WhiteElo "1789"]
[BlackElo "1909"]
[Annotator "RC"]
[PlyCount "190"]
[EventDate "2024.03.24"]
[EventType "swiss"]
[EventCountry "IND"]
[SourceTitle "playchess.com"]
[Source "ChessBase"]
[SourceQuality "1"]
[TimeControl "5400+30"]

1. d4 Nf6 2. Bf4 e6 3. e3 d5 4. Nd2 Bd6 5. Bd3 O-O 6. c3 b6 7. Qe2 Bb7 8. Ngf3 c5 9. O-O a6 10. Ne5 Nc6 11. Bg3 Qc7 12. f4 b5 13. Bh4 Nd7 14. g4 f6 15. Nxc6 Bxc6 16. g5 f5 17. Nf3 g6 18. Ne5 Nxe5 19. fxe5 Be7 20. Kh1 Rab8 21. Rg1 a5 22. Be1 b4 23. cxb4 c4 24. Bc2 axb4 25. Rc1 Qa7 26. Bb1 Bd8 27. Qf2 Bc7 28. Qf4 Ba5 29. h4 Rfc8 30. Kh2 Be8 31. Qf2 c3 32. b3 Bb6 33. Rg2 Rc7 34. Bd3 Qa5 35. Qf1 Ba7 36. Bg3 Bb6 37. Rcc2 Ra7 38. Bf4 Rba8 39. Qe2 Bc7 40. Kg3 Qb6 41. Qf1 Ra3 42. Rgf2 R8a5 43. Kh2 Qa7 44. Qe2 Bb6 45. Kg3 Kf7 46. Rh2 Ke7 47. Rg2 Kd8 48. Rh2 Kc8 49. Rg2 Kb8 50. Rh2 Bd8 51. Rg2 Be7 52. Rh2 Qc7 53. Kg2 Ra7 54. Kg1 Rb7 55. Kg2 Qd8 56. Kg1 Ra5 57. Qf2 Bc6 58. Qe2 Qe8 59. Kf1 Bd8 60. Qf2 Rg7 61. Qg2 Be7 62. Qg3 Bb5 63. Be2 Bxe2+ 64. Rhxe2 Qb5 65. Kg1 Qd3 66. Qf2 Ra7 67. Qf1 Qb5 68. Rg2 Qe8 69. Qf2 Rg8 70. Kf1 Qd8 71. Qe2 Rb7 72. Qa6 Rb6 73. Qe2 Ka7 74. Rh2 Rb7 75. Qf2 Kb6 76. Rh3 Rh8 77. Qg3 Qe8 78. Rhh2 Bf8 79. Rhg2 Rg7 80. Qf2 Rgg8 81. Rh2 h6 82. Kg1 Be7 83. Qf1 Qd8 84. Rcg2 hxg5 85. Bxg5 Rh5 86. Bxe7 Qxe7 87. Qf4 g5 88. hxg5 Rhxg5 89. Rxg5 Rxg5+ 90. Kf1 Qg7 91. Qf2 Qg6 92. Rh1 Rg4 93. Qc2 Rg3 94. Qe2 Qg5 95. a4 bxa3 0-1

[Event "1st Sakatam Open 2024"]
[Site "Guwahati"]
[Date "2024.03.27"]
[Round "9.7"]
[White "Kishan Kumar"]
[Black "Mayukh Majumder"]
[Result "1-0"]
[ECO "D31"]
[WhiteElo "1867"]
[BlackElo "1833"]
[Annotator "NA RC"]
[PlyCount "80"]
[EventDate "2024.03.24"]
[EventType "swiss"]
[EventCountry "IND"]
[SourceTitle "playchess.com"]
[Source "ChessBase"]
[SourceQuality "1"]
[TimeControl "5400+30"]

1. d4 d5 2. c4 e6 3. Nc3 a6 4. cxd5 exd5 5. Nf3 h6 6. Bf4 Nf6 7. e3 Bd6 8. Be5 c6 9. Bd3 O-O 10. h3 Qe7 11. O-O Nbd7 12. Bxd6 Qxd6 13. Rc1 Re8 14. Qc2 b6 15. Na4 Bb7 16. Rfd1 Rec8 17. Bf5 Rc7 18. Bxd7 Nxd7 19. Ne5 Nxe5 20. dxe5 Qxe5 21. Nxb6 Rd8 22. b4 a5 23. Qc5 axb4 24. Nxd5 Rdd7 25. f4 cxd5 26. fxe5 Rxc5 27. Rxc5 Re7 28. Rd4 Rxe5 29. Rxb4 Ba6 30. e4 Rxe4 31. Rxe4 dxe4 32. a4 Kf8 33. a5 Ke8 34. Rc6 Bd3 35. a6 Kd7 36. a7 Kxc6 37. a8=Q+ Kd6 38. Qf8+ Ke5 39. Qxf7 Kd4 40. Qxg7+ Kd5 1-0

[Event "1st Sakatam Open 2024"]
[Site "Guwahati"]
[Date "2024.03.27"]
[Round "9.8"]
[White "Mishra, Neeraj-Kumar"]
[Black "Shaashvat Gupta"]
[Result "1-0"]
[ECO "A05"]
[WhiteElo "2150"]
[BlackElo "1738"]
[Annotator "RC"]
[PlyCount "79"]
[EventDate "2024.03.24"]
[EventType "swiss"]
[EventCountry "IND"]
[SourceTitle "playchess.com"]
[Source "ChessBase"]
[SourceQuality "1"]
[TimeControl "5400+30"]

1. Nf3 Nf6 2. g3 g6 3. Bg2 Bg7 4. O-O O-O 5. Nc3 c5 6. a3 Nc6 7. Rb1 a5 8. d4 cxd4 9. Nxd4 Nxd4 10. Qxd4 e6 11. Qh4 Nh5 12. Qxd8 Rxd8 13. e4 d6 14. Rd1 Nf6 15. Na4 b5 16. e5 Nd5 17. Bg5 Re8 18. c4 bxa4 19. cxd5 dxe5 20. d6 e4 21. Bxe4 Ra7 22. Be3 Rd7 23. Bc6 Red8 24. Bxd7 Bxd7 25. Bb6 Rb8 26. Bxa5 Rb3 27. Rbc1 Kf8 28. Rc7 Ke8 29. Ra7 Rb8 30. Rc1 Bd4 31. Ra6 Bb5 32. Bc7 Bxb2 33. Bxb8 Bxa6 34. Rc6 Bd3 35. Rc8+ Kd7 36. Rc7+ Kd8 37. Ra7 Bc2 38. d7 Bxa3 39. Be5 Be7 40. Bd4 1-0

[Event "1st Sakatam Open 2024"]
[Site "Guwahati"]
[Date "2024.03.28"]
[Round "10.1"]
[White "Singh, Y. Dhanabir"]
[Black "Kumar, Gaurav"]
[Result "0-1"]
[ECO "B21"]
[WhiteElo "1996"]
[BlackElo "2049"]
[Annotator "RC"]
[PlyCount "83"]
[EventDate "2024.03.24"]
[EventType "swiss"]
[EventCountry "IND"]
[SourceTitle "playchess.com"]
[Source "ChessBase"]
[SourceQuality "1"]
[TimeControl "5400+30"]

1. e4 c5 2. f4 d5 3. exd5 Nf6 4. Bb5+ Nbd7 5. Nc3 a6 6. Bxd7+ Qxd7 7. Nf3 Nxd5 8. Ne5 Nxc3 9. bxc3 Qc7 10. c4 f6 11. Nd3 Be6 12. Qh5+ Bf7 13. Qxc5 Qxc5 14. Nxc5 Bxc4 15. Nxb7 Rc8 16. c3 Bd5 17. Na5 Bxg2 18. Rg1 Bd5 19. Ba3 Kf7 20. Bb4 e5 21. Bxf8 Rhxf8 22. f5 Rc5 23. Nb3 Rc4 24. Rf1 Ra4 25. Ke2 Rd8 26. Nc5 Ra5 27. Nb3 Bc4+ 28. Ke3 Rad5 29. d4 Bxf1 30. Rxf1 g6 31. Kd3 exd4 32. fxg6+ hxg6 33. Nxd4 Rh5 34. Rf2 Rh3+ 35. Kc2 Rc8 36. Ne2 Rch8 37. Nf4 Rxh2 38. Ng2 R8h3 39. Rd2 Rg3 40. Ne3 Rxd2+ 41. Kxd2 Ke6 42. a4 0-1

[Event "1st Sakatam Open 2024"]
[Site "Guwahati"]
[Date "2024.03.28"]
[Round "10.2"]
[White "Kaustuv, Kundu"]
[Black "Srijon Saha"]
[Result "1-0"]
[ECO "A34"]
[WhiteElo "2388"]
[BlackElo "1812"]
[Annotator "RC"]
[PlyCount "63"]
[EventDate "2024.03.24"]
[EventType "swiss"]
[EventCountry "IND"]
[SourceTitle "playchess.com"]
[Source "ChessBase"]
[SourceQuality "1"]
[TimeControl "5400+30"]

1. Nf3 Nf6 2. c4 c5 3. Nc3 Nc6 4. g3 d5 5. cxd5 Nxd5 6. Bg2 e5 7. Nxe5 Nxc3 8. Nxc6 Nxd1 9. Nxd8 Nxf2 10. Nxf7 Nxh1 11. Nxh8 Nxg3 12. hxg3 Bd6 13. Kf2 Be6 14. Bxb7 Rb8 15. Be4 Ke7 16. d3 Rxh8 17. Be3 Rc8 18. b3 h6 19. Rc1 g5 20. Kg2 Bg4 21. Rh1 Bxe2 22. Rxh6 Rg8 23. Rh7+ Ke6 24. Rxa7 g4 25. Rh7 Rf8 26. Rh6+ Kd7 27. Bf4 Bxf4 28. gxf4 Rxf4 29. Rh5 Kd6 30. Rd5+ Ke6 31. Rxc5 Rf1 32. Rc2 1-0

[Event "1st Sakatam Open 2024"]
[Site "Guwahati"]
[Date "2024.03.28"]
[Round "10.3"]
[White "Tanmay Rajbongshi"]
[Black "Chandreyee, Hajra"]
[Result "1-0"]
[ECO "B50"]
[WhiteElo "1909"]
[BlackElo "1912"]
[Annotator "RC"]
[PlyCount "153"]
[EventDate "2024.03.24"]
[EventType "swiss"]
[EventCountry "IND"]
[SourceTitle "playchess.com"]
[Source "ChessBase"]
[SourceQuality "1"]
[TimeControl "5400+30"]

1. e4 c5 2. Nf3 d6 3. c3 Nf6 4. h3 Nc6 5. Bd3 g6 6. Bc2 Bg7 7. O-O O-O 8. d4 cxd4 9. cxd4 e5 10. Be3 Re8 11. Nc3 exd4 12. Nxd4 a6 13. a3 Nxd4 14. Bxd4 b5 15. Re1 Bb7 16. Qf3 Nd7 17. Bxg7 Kxg7 18. Rad1 Ne5 19. Qg3 Nc4 20. Bb3 Re5 21. Bxc4 bxc4 22. Qe3 f5 23. Qd4 Qf6 24. Qxd6 fxe4 25. Qc7+ Re7 26. Rd7 Rxd7 27. Qxd7+ Qf7 28. Qd4+ Qf6 29. Qxf6+ Kxf6 30. Nxe4+ Bxe4 31. Rxe4 Rc8 32. Kf1 Kf5 33. Re7 h6 34. Ra7 Rc6 35. Ke2 Ke4 36. Kd2 Kd4 37. Rd7+ Kc5 38. f3 Rb6 39. Kc2 Re6 40. Rc7+ Kb5 41. Rd7 Kc5 42. Rc7+ Kb5 43. Kd2 Re5 44. a4+ Kxa4 45. Rc6 Rg5 46. g4 Kb3 47. Rxa6 Rd5+ 48. Kc1 g5 49. Rb6+ Ka4 50. Rxh6 Kb4 51. Kc2 Kc5 52. Rf6 Kd4 53. Rf5 Rd6 54. Rxg5 Rd8 55. Rh5 Rf8 56. Rf5 Rh8 57. g5 Rxh3 58. Rf6 Rh2+ 59. Kb1 Rh1+ 60. Ka2 Rh2 61. Ka3 Rh3 62. Rf4+ Ke5 63. Rxc4 Rxf3+ 64. Ka4 Rg3 65. Rc5+ Kd6 66. b4 Rg4 67. Ka5 Rf4 68. Rb5 Rg4 69. Rb6+ Kc7 70. g6 Rg1 71. Rf6 Kd7 72. Kb6 Ke7 73. Rc6 Rg5 74. b5 Kf8 75. Ka6 Rg1 76. b6 Kg7 77. Kb7 1-0

[Event "1st Sakatam Open 2024"]
[Site "Guwahati"]
[Date "2024.03.28"]
[Round "10.4"]
[White "Mrinmoy Rajkhowa"]
[Black "Kishan Kumar"]
[Result "0-1"]
[ECO "B90"]
[WhiteElo "1901"]
[BlackElo "1867"]
[Annotator "RC"]
[PlyCount "72"]
[EventDate "2024.03.24"]
[EventType "swiss"]
[EventCountry "IND"]
[SourceTitle "playchess.com"]
[Source "ChessBase"]
[SourceQuality "1"]
[TimeControl "5400+30"]

1. e4 c5 2. Nf3 d6 3. d4 cxd4 4. Nxd4 Nf6 5. Nc3 a6 6. f3 e5 7. Nb3 Be7 8. Be3 Be6 9. Qd2 h5 10. O-O-O Nbd7 11. Kb1 b5 12. h3 b4 13. Nd5 Bxd5 14. exd5 Nb6 15. Na5 Nbxd5 16. Nc6 Qc7 17. Nxb4 Nxb4 18. Qxb4 O-O 19. Qc4 Qd7 20. Bg5 Rfc8 21. Qh4 Qc6 22. Bd3 Rab8 23. b3 d5 24. Rhe1 e4 25. fxe4 dxe4 26. c4 Qa4 27. Ka1 Qa5 28. Bd2 Qe5+ 29. Kb1 Ng4 30. Qxg4 hxg4 31. Rxe4 Qc5 32. Be3 Qa3 33. Bc1 Rxb3+ 34. axb3 Qxb3+ 35. Bb2 Bf6 36. Rd2 Bxb2 0-1

[Event "1st Sakatam Open 2024"]
[Site "Guwahati"]
[Date "2024.03.28"]
[Round "10.5"]
[White "Arpan Das"]
[Black "Soumick Bandopadhyay"]
[Result "1-0"]
[ECO "B42"]
[WhiteElo "2374"]
[BlackElo "1834"]
[Annotator "RC"]
[PlyCount "58"]
[EventDate "2024.03.24"]
[EventType "swiss"]
[EventCountry "IND"]
[SourceTitle "playchess.com"]
[Source "ChessBase"]
[SourceQuality "1"]
[TimeControl "5400+30"]

1. e4 c5 2. Nf3 e6 3. d4 cxd4 4. Nxd4 a6 5. Bd3 Qc7 6. O-O Nf6 7. Qe2 Nc6 8. Nxc6 dxc6 9. e5 Nd7 10. f4 Bc5+ 11. Kh1 b5 12. Nd2 Bb7 13. c4 Be7 14. Nf3 g6 15. b3 b4 16. Be3 a5 17. Nd2 O-O 18. Rfd1 Nc5 19. Bc2 a4 20. Bxc5 Bxc5 21. Ne4 Be7 22. c5 Ra5 23. Qe3 Ba6 24. Rd2 Qa7 25. Rad1 Bc8 26. bxa4 Kg7 27. Qh3 Bxc5 28. Nf6 h6 29. Rd3 Be7 1-0

[Event "1st Sakatam Open 2024"]
[Site "Guwahati"]
[Date "2024.03.28"]
[Round "10.6"]
[White "Ashutosh, Kumar"]
[Black "Subhayan Kundu"]
[Result "0-1"]
[ECO "C01"]
[WhiteElo "1825"]
[BlackElo "2353"]
[Annotator "RC"]
[PlyCount "72"]
[EventDate "2024.03.24"]
[EventType "swiss"]
[EventCountry "IND"]
[SourceTitle "playchess.com"]
[Source "ChessBase"]
[SourceQuality "1"]
[TimeControl "5400+30"]

1. e4 e6 2. d4 d5 3. Bd3 c5 4. exd5 exd5 5. Nf3 c4 6. Be2 Nf6 7. b3 cxb3 8. axb3 Nc6 9. O-O Bd6 10. Nc3 O-O 11. Nb5 Bb8 12. c4 Ne4 13. Bb2 Re8 14. cxd5 Nb4 15. d6 Nxd6 16. d5 Bd7 17. Nc3 a5 18. Nd4 Qf6 19. Bf3 Nf5 20. Na4 Nh4 21. g3 Bh3 22. Bh1 Bxf1 23. Qxf1 Be5 24. Qd1 Nf5 25. Nxf5 Qxf5 26. Bxe5 Rxe5 27. d6 Rd8 28. Nb6 Nc2 29. Rc1 Re1+ 30. Qxe1 Nxe1 31. Rxe1 g6 32. d7 Kg7 33. Re7 Qc5 34. Nc8 Rxd7 35. Rxd7 Qc1+ 36. Kg2 Qc6+ 0-1

[Event "1st Sakatam Open 2024"]
[Site "Guwahati"]
[Date "2024.03.28"]
[Round "10.7"]
[White "Adhiraj Mitra"]
[Black "Mishra, Neeraj-Kumar"]
[Result "1/2-1/2"]
[ECO "B44"]
[WhiteElo "1840"]
[BlackElo "2150"]
[Annotator "RC"]
[PlyCount "109"]
[EventDate "2024.03.24"]
[EventType "swiss"]
[EventCountry "IND"]
[SourceTitle "playchess.com"]
[Source "ChessBase"]
[SourceQuality "1"]
[TimeControl "5400+30"]

1. e4 c5 2. Nf3 e6 3. d4 cxd4 4. Nxd4 Nc6 5. Nb5 d6 6. Bf4 e5 7. Be3 a6 8. N5c3 Be6 9. Be2 Nf6 10. Bf3 Rc8 11. a4 Be7 12. O-O O-O 13. Kh1 Nb4 14. Qc1 d5 15. exd5 Nfxd5 16. Bxd5 Nxd5 17. Rd1 Qa5 18. Nxd5 Bxd5 19. Qd2 Qxd2 20. Rxd2 Bc6 21. Nc3 Rfd8 22. Rad1 Rxd2 23. Rxd2 f6 24. f3 Kf7 25. Kg1 Ke6 26. Kf2 Bb4 27. Rd3 Be8 28. Bb6 Bxc3 29. Rxc3 Rxc3 30. bxc3 Bxa4 31. Ke2 Bxc2 32. c4 Kd7 33. Bc5 b5 34. cxb5 axb5 35. Kd2 Bb1 36. Bf8 g6 37. Ke3 Ke6 38. f4 exf4+ 39. Kxf4 Kd5 40. Bg7 Ke6 41. Bf8 g5+ 42. Ke3 Ke5 43. Be7 h5 44. g3 h4 45. Bb4 hxg3 46. hxg3 f5 47. Bc3+ Kd5 48. Bf6 g4 49. Be7 Kc4 50. Bd6 Kc3 51. Be5+ Kc2 52. Bd6 Ba2 53. Kd4 f4 54. gxf4 g3 55. Ke3 1/2-1/2

[Event "1st Sakatam Open 2024"]
[Site "Guwahati"]
[Date "2024.03.28"]
[Round "10.8"]
[White "Balkishan, A.."]
[Black "Parambrata Sarkar"]
[Result "1-0"]
[ECO "E49"]
[WhiteElo "2108"]
[BlackElo "1755"]
[Annotator "RC"]
[PlyCount "73"]
[EventDate "2024.03.24"]
[EventType "swiss"]
[EventCountry "IND"]
[SourceTitle "playchess.com"]
[Source "ChessBase"]
[SourceQuality "1"]
[TimeControl "5400+30"]

1. d4 Nf6 2. c4 e6 3. Nc3 Bb4 4. a3 Bxc3+ 5. bxc3 c5 6. f3 d5 7. e3 O-O 8. cxd5 exd5 9. Bd3 c4 10. Bb1 Nh5 11. Ne2 Qh4+ 12. g3 Qh3 13. Kf2 Nc6 14. Ng1 Qe6 15. g4 Nf6 16. Ne2 Ne7 17. h4 Bd7 18. Ng3 Ne8 19. a4 Nd6 20. Ba3 Rae8 21. Re1 g6 22. Ne2 Ndc8 23. Nf4 Qc6 24. Bc2 f5 25. g5 Kg7 26. h5 Rf7 27. Rh1 Rh8 28. Qg1 Rff8 29. Rh4 Kf7 30. Qh2 Rhg8 31. hxg6+ hxg6 32. Rh7+ Ke8 33. a5 Qb5 34. Bb4 Rf7 35. Ba4 Rxh7 36. Qxh7 Qa6 37. Nxd5 1-0